 Dungeon Crawl Stone Soup version 0.26-a0-712-ga5a9c9c9d0 (webtiles) character file.

Game seed: 17101424787530790932

754 kae the Changer (level 7, -4/57 HPs)
             Began as a Naga Transmuter on Nov 3, 2020.
             Shot with an arrow by a centaur (8 damage)
             ... on level 6 of the Dungeon.
             The game lasted 00:04:43 (6183 turns).

kae the Changer (Naga Transmuter)                   Turns: 6183, Time: 00:04:43

Health: -4/57      AC:  2    Str: 14    XL:     7   Next: 79%
Magic:  7/10       EV: 19    Int: 14    God:
Gold:   129        SH:  0    Dex: 16    Spells: 6/10 levels left

rFire    . . .     SeeInvis +     - Unarmed
rCold    . . .     Faith    .   (shield currently unavailable)
rNeg     . . .     Spirit   .   (armour currently unavailable)
rPois    x         Reflect  .   (helmet currently unavailable)
rElec    .         Harm     .   (cloak currently unavailable)
rCorr    .         Rampage  .   (gloves currently unavailable)
MR       .....                  (no barding)
Stlth    +.........             (no amulet)
HPRegen  0.19/turn              e - ring of flight
MPRegen  0.12/turn              (no ring)

@: spider-form
A: tiny, see invisible, spit poison 1, AC +2
a: Spit Poison, End Transformation, Evoke Flight


You were on level 6 of the Dungeon.
You were a venomous arachnid creature.
You visited 2 branches of the dungeon, and saw 7 of its levels.

You collected 252 gold pieces.
You spent 123 gold pieces at shops.

Inventory:

Armour
 a - a +0 robe (melded)
 v - a +1 cloak (melded)
Jewellery
 e - a ring of flight (left front leg)
 h - an uncursed ring of see invisible {unknown}
 s - an uncursed amulet of the acrobat
Wands
 f - a wand of enslavement (4)
 q - a wand of random effects (9)
Scrolls
 n - 5 scrolls of remove curse
 o - a scroll of amnesia
 p - a scroll of identify
 u - a scroll of teleportation
Potions
 b - 3 potions of mutation {unknown}
 c - a potion of stabbing
 d - 2 potions of curing {unknown}
 g - 3 potions of flight
 i - 3 potions of invisibility
 j - a potion of haste {unknown}
 k - 4 potions of magic {unknown}
 l - 2 potions of degeneration {unknown}
 m - 2 potions of lignification {unknown}
 t - 2 potions of brilliance {unknown}


   Skills:
 - Level 1.0 Fighting
 - Level 1.5 Dodging
 + Level 5.4 Unarmed Combat
 - Level 2.0 Spellcasting
 * Level 6.8 Transmutations
 - Level 3.0 Poison Magic


You had 6 spell levels left.
You knew the following spells:

 Your Spells              Type           Power        Failure   Level
a - Beastly Appendage     Tmut           ###...       7%          1
b - Spider Form           Tmut/Pois      ###.......   24%         3

Your spell library contained the following spells:

 Spells                   Type           Power        Failure   Level
 Wereblood                Tmut           ###.....     9%          2
 Blade Hands              Tmut           ###.......   61%         5
 Ice Form                 Ice/Tmut       ##......     73%         4


Dungeon Overview and Level Annotations

Branches:
Dungeon (6/15)             Temple (1/1) D:4

Altars:
Dithmenos
Elyvilon
Fedhas
Gozag
Hepliaklqana
Makhleb
Nemelex Xobeh
Okawaru
Qazlal
Ru
Sif Muna
Trog
Uskayaw
Wu Jian
Xom
Yredelemnul
The Shining One

Shops:
D:5 *(


Innate Abilities, Weirdness & Mutations

You cannot wear boots.
((Your serpentine skin is tough. (AC +2)))
You have supernaturally acute eyesight. (SInv)
((Armour fits poorly on your strangely shaped body.))
((Your system is resistant to poisons. (rPois)))
((You cover ground very slowly.))
You can spit poison.


Message History

The centaur wields a +0 shortbow.
The centaur shoots an arrow.
The arrow barely misses you. The phantom closely misses you.
The phantom hits you.
The centaur shoots an arrow.
The arrow hits you!
You see here an arrow.
Casting: Spider Form (dangerous; 10% risk of failure)
Confirm with . or Enter, or press ? or * to list all spells.
You turn into a venomous arachnid creature.
Your +1 cloak melds into your body.
Your +0 robe melds into your body.
The wight closely misses you. The phantom closely misses you.
The wight closely misses you. The phantom barely misses you.
The centaur shoots an arrow.
The arrow hits you!
* * * LOW HITPOINT WARNING * * *
Okay, then.
Okay, then.
The centaur shoots an arrow.
The arrow hits you!
* * * LOW HITPOINT WARNING * * *
The wight completely misses you.
The phantom blinks!
You see here an arrow.
The centaur shoots an arrow.
The arrow hits you!
You die...

#...# ..# ....# ..#
....# ##### ..# ....#
#....###..##. ....#
#..c......... ....#
#....ยง...!... ....#
#....(.z.....
....########..##(###.###
###'##....######s###
#...##.....#).'....#
...........'..#....#
...........#..#....+
...........#..#....#
#...##....######+###
###+##.(..# .......#
........#


You could see a centaur.

Vanquished Creatures
  Eustachio (D:4)
  A phantom (D:4)
  An ogre (D:6)
  A centaur skeleton (D:6)
  A bullfrog skeleton (D:6)
  Crazy Yiuf (D:4)
  3 orc wizards (D:3)
  Ijyb (D:4)
  An iguana (D:4)
  3 worker ants (D:4)
  4 gnolls (D:3)
  4 adders
  A white imp (D:5)
  2 oozes (D:2)
  11 orcs
  2 ball pythons (D:2)
  5 bats
  3 giant cockroaches
  A hobgoblin (D:3)
  2 jackals (D:3)
  3 frilled lizards
  4 goblins
  10 kobolds
  8 rats
74 creatures vanquished.

Vanquished Creatures (others)
  31 plants (D:3)
31 creatures vanquished.

Grand Total: 105 creatures vanquished

Notes
Turn   | Place    | Note
-------+----------+-------------------------------------------
     0 | D:1      | kae the Naga Transmuter began the quest for the Orb.
     0 | D:1      | Reached XP level 1. HP: 18/18 MP: 3/3
   798 | D:2      | Reached XP level 2. HP: 10/25 MP: 3/5
  1236 | D:2      | Reached skill level 3 in Transmutations
  1236 | D:2      | Reached XP level 3. HP: 24/31 MP: 4/6
  1477 | D:2      | Learned a level 3 spell: Spider Form
  1598 | D:2      | Noticed a +0 hand axe
  1599 | D:2      | Noticed a +0 dagger
  1600 | D:2      | Found a hide-covered altar of Uskayaw.
  1815 | D:2      | Found an ornate altar of the Wu Jian Council.
  1817 | D:2      | Found a shimmering altar of Xom.
  1817 | D:2      | Found a sparkling altar of Nemelex Xobeh.
  2440 | D:3      | Reached skill level 1 in Poison Magic
  2440 | D:3      | Reached XP level 4. HP: 23/38 MP: 5/7
  2723 | D:3      | Found a shimmering blue altar of Sif Muna.
  3008 | D:3      | Reached XP level 5. HP: 44/44 MP: 4/8
  3015 | D:3      | Reached skill level 4 in Transmutations
  3884 | D:4      | Reached XP level 6. HP: 51/51 MP: 5/9
  3964 | D:4      | Found a staircase to the Ecumenical Temple.
  3965 | D:4      | Noticed Ijyb
  3990 | D:4      | Killed Ijyb
  4011 | Temple   | Entered the Ecumenical Temple
  4401 | D:4      | You fall into a shaft and drop 1 floor!
  4401 | D:5      | Entered Level 5 of the Dungeon
  4470 | D:5      | Found a blossoming altar of Fedhas.
  4567 | D:5      | Found an opulent altar of Gozag.
  4637 | D:4      | Found a bloodstained altar of Trog.
  4848 | D:4      | Reached skill level 5 in Transmutations
  4998 | D:4      | Found a runed translucent door.
  4999 | D:4      | Noticed Crazy Yiuf
  5176 | D:4      | Noticed a phantom
  5212 | D:4      | Killed a phantom
  5503 | D:4      | Reached XP level 7. HP: 57/57 MP: 6/10
  5539 | D:4      | Noticed Eustachio
  5549 | D:4      | Killed Eustachio
  5549 | D:4      | Reached skill level 5 in Unarmed Combat
  5549 | D:4      | Reached skill level 6 in Transmutations
  5706 | D:4      | Killed Crazy Yiuf
  5825 | D:5      | Found Hiji's Antique Weapon Shoppe.
  5887 | D:5      | Found Vorao's Assorted Antiques.
  5895 | D:5      | Bought a scroll labeled ZORPHI ACVEE for 27 gold pieces
  5895 | D:5      | Bought a metallic ruby potion for 24 gold pieces
  5895 | D:5      | Bought 2 metallic green potions for 48 gold pieces
  5895 | D:5      | Bought a grey potion for 24 gold pieces
  6183 | D:6      | Shot with an arrow by a centaur

Illustrated notes

Levels and vault maps discovered:
D:1:      evilmike_arrival_rings, layout_loops_ring, minmay_misc_feat_room
D:2:      layout_loops_ring, dancing_weapons_uskayaw,
          nicolae_overflow_hidden_temple,
          chequers_temple_overflow_statue_of_worship
D:3:      layout_rooms, serial_bayou, serial_bayou_shore_b,
          serial_bayou_lagoon_b, serial_bayou_lake_a, serial_bayou_pond_c,
          led_sif_book
D:4:      layout_basic, bloody_trog, minmay_temple_entry_ruins,
          uniq_crazy_yiuf_cottage, uniq_eustachio, uniq_ijyb
D:5:      layout_cave_pools, fedhas_altar_1, grunt_gozag_statues, serial_shops,
          kennysheep_little_box, nicolae_shop_stone
D:6:      layout_gridville, kennysheep_okawaru_gauntlet, uniq_maggie
Temple:   dpeg_chambers_temple

Skill      XL: |  1  2  3  4  5  6  7 |
---------------+----------------------+-----
Transmutations | 3 4 5 6 |  6.8
Poison Magic   | 1 2 3 |  3.0
Unarmed Combat | 4 5 |  5.4
Fighting       | |  1.0
Dodging        | |  1.5
Spellcasting   | |  2.0

Action                   |  1- 3 |  4- 6 |  7- 9 || total
-------------------------+-------+-------+-------++-------
Melee: Unarmed           |   111 |   128 |    41 ||   280
       Headbutt          |     8 |       |       ||     8
       Punch             |     1 |       |       ||     1
 Cast: Beastly Appendage |    21 |       |       ||    21
       Spider Form       |       |    22 |     6 ||    28
 Abil: Spit Poison       |     5 |     9 |     3 ||    17
  Use: Scroll            |       |     9 |     4 ||    13
 Stab: Sleeping          |     1 |     1 |       ||     2
Armor: Robe              |    27 |     3 |     3 ||    33
       Skin              |       |     8 |     2 ||    10
Dodge: Dodged            |    72 |   112 |    34 ||   218

Table legend: (Time is in decaauts)
 A = Elapsed time spent in this place.
 B = Non-inter-level travel time spent in this place.
 C = Inter-level travel time spent in this place.
 D = Time resting spent in this place.
 E = Time spent auto-exploring this place.
 F = Levels seen in this place.
 G = Mean time per level.
                   A        B        C        D        E       F      G
               +--------+--------+--------+--------+--------+-----+--------+
         Total |   7541 |   7249 |    292 |    330 |   6185 |   7 | 1077.3 |
       Dungeon |   7194 |   6932 |    262 |    330 |   5867 |   6 | 1199.0 |
        Temple |    347 |    318 |     29 |      0 |    318 |   1 |  347.0 |
               +--------+--------+--------+--------+--------+-----+--------+

Top non-repeatable levels by time:
     D:3: 1921 daAuts
     D:4: 1756 daAuts
     D:2: 1716 daAuts
     D:1: 1036 daAuts
     D:5: 587 daAuts
  Temple: 347 daAuts
     D:6: 175 daAuts
